 Dungeon Crawl Stone Soup version bcrawl-1.19.2-6-g6a88ae04c9 (webtiles) character file.

Game seed: 6328683954930367397

374 Mrkan the Skirmisher (level 6, -5/39 HPs)
             Began as a Gargoyle Fighter on Dec 31, 2019.
             Was an Initiate of Yredelemnul.
             Killed by divine providence
             ... invoked by an orc priest
              (13 damage)
             ... on level 4 of the Dungeon.
             The game lasted 00:05:27 (3405 turns).

Mrkan the Skirmisher (Gargoyle Fighter)             Turns: 3405, Time: 00:05:28

Health: -5/39      AC: 18    Str: 19    XL:     6   Next: 72%
Magic:  6/6        EV:  5    Int:  9    God:    Yredelemnul [......]
Gold:   149        SH:  9    Dex: 11    Spells: 5/5 levels left

rFire    . . .     SeeInvis .   a - +0 flail
rCold    . . .     Gourm    .   c - +0 shield
rNeg     + . .     Faith    .   w - +0 chain mail
rPois    ∞         Spirit   .   h - +0 helmet
rElec    +         Reflect  .   j - +0 cloak
rCorr    .         Harm     .   n - +1 pair of gloves
MR       .....                  (no boots)
Stlth    ..........             (no amulet)
HPRegen  0.13/turn              (no ring)
MPRegen  0.10/turn              (no ring)

@: no status effects
A: negative energy resistance 1, electricity resistance, unbreathing,
petrification resistance, rot immunity, AC +4
a: Renounce Religion


You were on level 4 of the Dungeon.
You worshipped Yredelemnul.
Yredelemnul was noncommittal.
You were hungry.

You visited 1 branch of the dungeon, and saw 4 of its levels.

You collected 149 gold pieces.

Inventory:

Hand Weapons
 a - a +0 flail (weapon)
Armour
 c - a +0 shield (worn)
 h - a +0 helmet (worn)
 j - a +0 cloak (worn)
 n - a +1 pair of gloves (worn)
 w - a +0 chain mail (worn)
Jewellery
 r - a cursed ring of attention {unknown}
Scrolls
 e - 3 scrolls of teleportation {unknown}
 k - 4 scrolls of remove curse {unknown}
 l - 3 scrolls of identify {unknown}
 q - 2 scrolls of blinking {unknown}
 s - a scroll of enchant armour {unknown}
Potions
 d - a potion of might
 g - a potion of berserk rage {unknown}
 i - a potion of magic {unknown}
 m - a potion of degeneration {unknown}
 p - 2 potions of curing {unknown}
 t - 2 potions of heal wounds {unknown}
 u - a potion of ambrosia {unknown}
Comestibles
 f - 11 rations {!d}


   Skills:
 + Level 4.6 Fighting
 * Level 4.5 Maces & Flails
 + Level 4.6 Armour
 + Level 4.5 Shields


You had 5 spell levels left.
You didn't know any spells.
Your spell library was empty.

Dungeon Overview and Level Annotations

Branches:
Dungeon (4/12)
 Temple: D:4-7

Altars:
Ashenzari
Fedhas
Hepliaklqana
Lugonu
Trog
Yredelemnul

Annotations:
D:3 2 transporters, Quickbrownfox's ghost, amateur OpFi


Innate Abilities, Weirdness & Mutations

You are resistant to torment.
Your stone body is resilient. (AC +4)
You are immune to poison.
You resist negative energy. (rN+)
You are resistant to electric shocks. (rElec)
You can survive without breathing.
You are immune to petrification.
You are immune to rotting.


Message History

The orc hits your wight but does no damage.
The orc wizard mumbles some strange words.
The orc wizard blinks!
The orc hits your wight but does no damage.
Your wight barely misses the orc.
The orc hits your wight but does no damage.
The orc priest mumbles some strange prayers to Beogh against you.
Beogh smites you!
* * * LOW HITPOINT WARNING * * *
Your wight hits the orc with a +0 mace. The orc barely misses your wight.
Your wight hits the orc but does no damage.
The orc barely misses your wight.
Your wight hits the orc with a +0 mace.
The orc hits your wight with a +0 dagger.
The orc hits your wight but does no damage.
Your wight barely misses the orc.
The orc priest mumbles some strange prayers to Beogh against you.
Beogh smites you!
You die...
Your body rises from the dead as a mindless zombie.

#####################...
.......................
######.#.###.....##... #.#.#
#.......#.. #.#.# #.....##.#.
# #.#.# ##...####.# ##. #.#^#
#..P# ##.
#.#..o#######.#.####..## ###.
#...oooz....@.#.##P_...# #...
###..o#########...#....###>..
##. ### #_.⌠...#... #
#...P#..... #_P..###...
##P.## #### #.P# ####


You could see 2 orc priests, an orc wizard, an orc and a friendly wight.

Vanquished Creatures
  An ogre (D:4)
  A howler monkey (D:3)
  A crimson imp (D:2)
  A centaur skeleton (D:3)
  4 gnolls (D:3)
  5 adders (D:3)
  An ooze (D:2)
  4 worms
  4 dart slugs (D:2)
  2 leopard geckos
  7 orcs
  5 bats
  A giant cockroach (D:4)
  6 goblins
  10 hobgoblins
  5 jackals
  7 kobolds
  2 quokkas (D:3)
  A ball python (D:1)
  8 rats (D:2)
76 creatures vanquished.

Notes
Turn   | Place    | Note
-------+----------+-------------------------------------------
     0 | D:1      | Mrkan the Gargoyle Fighter began the quest for the Orb.
     0 | D:1      | Reached XP level 1. HP: 14/14 MP: 1/1
   301 | D:1      | Reached XP level 2. HP: 19/19 MP: 2/2
   665 | D:2      | Noticed a crimson imp
   694 | D:2      | Killed a crimson imp
   694 | D:2      | Reached XP level 3. HP: 21/24 MP: 3/3
   756 | D:2      | Reached XP level 4. HP: 29/29 MP: 4/4
  1166 | D:2      | Noticed a moth of wrath
  1169 | D:2      | Found a bloodstained altar of Trog.
  1226 | D:2      | HP: 1/29 [worm (7)]
  1830 | D:3      | Found a transporter.
  1830 | D:3      | Noticed Quickbrownfox's ghost (amateur OpFi)
  1832 | D:3      | Noticed a phantom
  1860 | D:3      | Reached XP level 5. HP: 30/33 MP: 5/5
  2097 | D:3      | Reached XP level 6. HP: 33/39 MP: 6/6
  2158 | D:3      | Found a hazy altar of Hepliaklqana.
  2395 | D:3      | Found a transporter.
  2512 | D:3      | Found a basalt altar of Yredelemnul.
  2564 | D:3      | Became a worshipper of Yredelemnul the Dark
  3347 | D:4      | Found a corrupted altar of Lugonu.
  3352 | D:4      | Found a shattered altar of Ashenzari.
  3354 | D:4      | Found a blossoming altar of Fedhas.
  3405 | D:4      | Killed from afar by an orc priest

Skill      XL: |  1  2  3  4  5 |
---------------+----------------+-----
Maces & Flails | 3 4 |  4.5
Fighting       | 4 |  4.6
Armour         | 4 |  4.6
Shields        | 4 |  4.5

Action                   |  1- 3 |  4- 6 || total
-------------------------+-------+-------++-------
Melee: Flail             |    76 |   270 ||   346
  Eat: Chunk             |       |     8 ||     8
Armor: Scale mail        |    34 |   147 ||   181
       Chain mail        |       |     5 ||     5
Dodge: Dodged            |    28 |    75 ||   103
Block: Shield            |    35 |   153 ||   188
